 Dungeon Crawl Stone Soup version 0.31.0-12-g77e489cdc1 (webtiles) character file.

Game seed: 16671522805090934316

81 lordive the Shooter (level 4, -1/37 HPs)
             Began as a Minotaur Hunter on Feb 28, 2024.
             Succumbed to a gnoll's poison
             ... on level 3 of the Dungeon.
             The game lasted 00:02:10 (1856 turns).

lordive the Shooter (Minotaur Hunter)               Turns: 1856, Time: 00:02:10

Health: -1/37      AC:  9    Str: 15    XL:     4   Next: 19%
Magic:  3/3        EV:  7    Int:  6    God:
Gold:   91         SH:  0    Dex: 16    Spells: 3/3 levels left

rFire   . . .        a - +0 shortbow
rCold   . . .        (shield currently unavailable)
rNeg    . . .        j - +0 chain mail
rPois   .            (helmet restricted)
rElec   .            h - +0 cloak
rCorr   .            (no gloves)
SInv    .            (no boots)
Will    .....        (no amulet) Stlth
                     (no ring)
HPRegen 0.26/turn    (no ring)
MPRegen 0.08/turn

%: no passive effects
@: lethally poisoned (-1 -> -22)
A: horns 2, retaliatory headbutt
a: no special abilities


You were on level 3 of the Dungeon.
You visited 1 branch of the dungeon, and saw 3 of its levels.

You collected 91 gold pieces.

Inventory:

Hand Weapons
 a - a +0 shortbow (weapon)
Armour
 h - a +0 cloak (worn)
 j - a +0 chain mail (worn)
Scrolls
 b - a scroll of butterflies
 c - a scroll of silence {unknown}
 d - a scroll of poison {unknown}
 f - a scroll of enchant armour {unknown}
 g - 2 scrolls of noise {unknown}
 i - 6 scrolls of identify {unknown}
 m - a scroll of fog {unknown}
 n - a scroll of amnesia {unknown}
 p - a scroll of immolation {unknown}
 r - a scroll of enchant weapon {unknown}
Potions
 e - 3 potions of haste {unknown}
 k - a potion of ambrosia {unknown}
 l - a potion of heal wounds {unknown}
 o - a potion of attraction {unknown}
 q - a potion of brilliance {unknown}


   Skills:
 + Level 2.9 Fighting
 + Level 5.7 Ranged Weapons
 + Level 1.6 Armour
 + Level 2.3 Dodging
 - Level 0.7 Stealth


You had 3 spell levels left.
You didn't know any spells.
Your spell library contained the following spells:

 Spells                   Type           Power      Damage    Failure   Level
 Sting                    Conj/Alch      0%         1d3       100%        1
 Ensorcelled Hibernation  Hex/Ice        0%         N/A       100%        2
 Mercury Vapours          Alch/Air       0%         N/A       100%        2
 Scorch                   Fire           0%         2d5       100%        2
 Hailstorm                Conj/Ice       0%         3d5       100%        3
 Passwall                 Erth           0%         N/A       100%        3
 Summon Ice Beast         Ice/Summ       0%         N/A       100%        3
 Swiftness                Air            0%         N/A       100%        3
 Flame Wave               Conj/Fire      0%         2d4       100%        4
 Olgreb's Toxic Radiance  Alch           0%         N/A       100%        4
 Sculpt Simulacrum        Ice/Alch       0%         N/A       100%        6
 Summon Cactus Giant      Summ           0%         N/A       100%        6


Dungeon Overview and Level Annotations

Branches:
Dungeon (3/15)

Altars:
Wu Jian


Innate Abilities, Weirdness & Mutations

You have a pair of horns on your head.
You reflexively headbutt those who attack you in melee.


Message History

The gnoll barely misses you. You furiously retaliate!
You headbutt the gnoll, but do no damage.
Fire: a) +0 shortbow
Press: ? - help, Q - select action Shift-Dir - straight line, f/p - gnoll
Aim: a gnoll, wielding a +0 flail (66% to hit)
You shoot an arrow. The arrow hits the gnoll!
The gnoll is severely wounded.
The gnoll hits you with a +0 flail. The gnoll barely misses you.
Unknown command.
Fire: a) +0 shortbow
Press: ? - help, Q - select action Shift-Dir - straight line, f/p - gnoll
Aim: a gnoll, wielding a +0 flail (severely wounded, 66% to hit)
You shoot an arrow.
The arrow hits the gnoll but does no damage.
The gnoll is severely wounded.
The gnoll hits you but does no damage. The gnoll closely misses you.
Fire: a) +0 shortbow
Press: ? - help, Q - select action Shift-Dir - straight line, f/p - gnoll
Aim: a gnoll, wielding a +0 flail (severely wounded, 66% to hit)
You shoot an arrow. The arrow hits the gnoll.
The gnoll is almost dead.
The gnoll hits you but does no damage.
The gnoll hits you from afar with a +1 halberd of venom.
The gnoll hits you from afar with a +1 halberd of venom!
You are poisoned.
The gnoll hits you with a +0 flail.
Fire: a) +0 shortbow
Press: ? - help, Q - select action Shift-Dir - straight line, f/p - gnoll
Aim: a gnoll, wielding a +0 flail (almost dead, 66% to hit)
You shoot an arrow. The arrow hits the gnoll!
You kill the gnoll!
You feel very sick.
The gnoll hits you from afar with a +1 halberd of venom!
* * * LOW HITPOINT WARNING * * *
You are lethally poisoned!
* * * LOW HITPOINT WARNING * * *
You feel very sick. The gnoll attacks as it pursues you!
The gnoll hits you but does no damage.
You are more poisoned.
You die...

#.#..## # #.##.# .#
####.##.##.#####
#..............#####
#.#####..#####.....#
.. #..#####.....#
... . #..##... ....#
.(
....##..##.##.[...#
.
........gg.@......#
###.##.###.########
# #.##...$
#g.......#
#..#..##.# ..$.....
... ##..#.#. .##
...#. . .


You could see 2 gnolls.

Vanquished Creatures
  A gnoll (D:3)
  2 adders (D:3)
  A dart slug (D:2)
  A ribbon worm (D:2)
  3 orcs (D:3)
  3 ball pythons
  6 endoplasms
  4 giant cockroaches
  3 goblins
  5 hobgoblins
  A jackal (D:2)
  4 kobolds
  4 bats
  2 frilled lizards
  3 rats
43 creatures vanquished.

Notes
Turn   | Place    | Note
-------+----------+-------------------------------------------
     0 | D:1      | lordive the Minotaur Hunter began the quest for the Orb.
     0 | D:1      | Reached XP level 1. HP: 18/18 MP: 0/0
   195 | D:1      | Reached XP level 2. HP: 25/25 MP: 1/1
   203 | D:1      | Reached skill level 5 in Ranged Weapons
   918 | D:2      | Reached XP level 3. HP: 26/30 MP: 2/2
  1224 | D:2      | Reached skill level 1 in Armour
  1709 | D:3      | Found an ornate altar of the Wu Jian Council.
  1771 | D:3      | Reached XP level 4. HP: 28/37 MP: 3/3
  1856 | D:3      | Succumbed to a gnoll's poison

Illustrated notes

Levels and vault maps discovered:
D:1:      dpeg_arrival_pond, layout_basic, minmay_octomino_e4
D:2:      minmay_angry_zag, layout_loops_corners
D:3:      layout_loops_cross, lemuel_crystal_altar,
          lemuel_zombie_altar_yredelemnul,
          mainiacjoe_sewer_entry_somewhere_in_here_1, uniq_natasha

Skill      XL: |  1  2  3 |
---------------+----------+-----
Ranged Weapons | 5 |  5.7
Armour         | 1 |  1.6
Fighting       | |  2.9
Dodging        | |  2.3
Stealth        | |  0.7

Action                     |  1- 3 |  4- 6 || total
---------------------------+-------+-------++-------
   Fire: Shortbow          |   135 |     5 ||   140
 Armour: Leather armour    |    13 |       ||    13
         Chain mail        |    60 |     8 ||    68
  Dodge: Dodged            |    38 |     5 ||    43
